[Event "December 12 Late 2023"]
[Site "https://www.chess.com"]
[Date "2023.12.12"]
[Round "1"]
[White "Carlsen, Magnus"]
[Black "Sherman, Raem"]
[Result "1-0"]
[Board "1"]
[TimeControl "180+1"]
[WhiteFideId "1503014"]
[BlackFideId "2822288"]
[WhiteElo "3317"]
[BlackElo "2516"]
[WhiteTeam "NOR"]
[BlackTeam "ISR"]
[WhiteClock "0:01:30"]
[BlackClock "0:00:17"]

1. d4 Nf6 2. Bg5 d5 3. Nf3 c5 4. c4 cxd4 5. Bxf6 gxf6 6. cxd5 Qxd5 7. Nc3 Qa5 8. Nxd4 Bd7 9. g3 Nc6 10. Bg2 Qb6 11. Nb3 e6 12. O-O Rd8 13. Rc1 Bg7 14. Na4 Qb4 15. Nac5 Bc8 16. Qe1 Qxe1 17. Rfxe1 f5 18. Nxb7 Bxb7 19. Bxc6+ Bxc6 20. Rxc6 Bxb2 21. Rb1 Be5 22. Ra6 Rd7 23. Nc5 Rd2 24. Rxa7 O-O 25. Nd3 Rxe2 26. Kf1 Re4 27. Nc5 Rc4 28. Nd7 Bd4 29. Rab7 Rd8 30. Rd1 Kg7 31. Ne5 Rc2 32. Nxf7 Rxf2+ 33. Ke1 Bc3+ 34. Kxf2 Rxd1 35. Ng5+ Kg6 36. Nxe6 Rd2+ 37. Kf3 Rxh2 38. Nf8+ Kf6 39. Nxh7+ Kg6 40. Nf8+ Kf6 41. Nd7+ Kg6 42. Rb6+ Kg5 43. Nf8 Rxa2 44. Ne6+ Kh5 45. Nf4+ Kg5 46. Rg6# 1-0

[Event "December 12 Late 2023"]
[Site "https://www.chess.com"]
[Date "2023.12.12"]
[Round "1"]
[White "Karas, Marek"]
[Black "Nihal Sarin"]
[Result "0-1"]
[Board "2"]
[TimeControl "180+1"]
[WhiteFideId "14928558"]
[BlackFideId "25092340"]
[WhiteElo "2515"]
[BlackElo "3143"]
[WhiteTeam "CZE"]
[BlackTeam "IND"]
[WhiteClock "0:00:00"]
[BlackClock "0:01:08"]

1. d4 Nf6 2. Nf3 d5 3. c4 e6 4. Nc3 c5 5. cxd5 cxd4 6. Nxd4 Nxd5 7. Nxd5 Qxd5 8. e3 Bd7 9. Qb3 Qxb3 10. axb3 Nc6 11. Nb5 Bb4+ 12. Bd2 Bxd2+ 13. Kxd2 Ke7 14. Be2 Rhd8 15. Rhd1 Nb4 16. Kc3 Nd5+ 17. Kc2 Bxb5 18. Bxb5 Rac8+ 19. Bc4 b5 20. Rxa7+ Kf8 21. Rd4 e5 22. Rh4 bxc4 23. bxc4 Nb4+ 24. Kc3 Rb8 25. c5 Rd3+ 26. Kc4 Rd2 27. Rxh7 Kg8 28. Rh4 Rxf2 29. Re4 Rxg2 30. Ra4 Rxb2 31. Rxe5 Rc2+ 32. Kb3 Rxc5 33. Rxc5 Nd3+ 34. Kc4 Nb2+ 35. Kd5 Nxa4 36. Rc7 Rd8+ 37. Ke5 Re8+ 38. Kf4 g6 39. e4 Kg7 40. h4 Re6 41. Rc4 Nb2 0-1

[Event "December 12 Late 2023"]
[Site "https://www.chess.com"]
[Date "2023.12.12"]
[Round "1"]
[White "Dubov, Daniil"]
[Black "Tapie Amione, Pablo Adib"]
[Result "1-0"]
[Board "3"]
[TimeControl "180+1"]
[WhiteFideId "24126055"]
[BlackFideId "5107180"]
[WhiteElo "3121"]
[BlackElo "2515"]
[WhiteTeam "RUS"]
[BlackTeam "MEX"]
[WhiteClock "0:01:52"]
[BlackClock "0:00:48"]

1. d4 Nf6 2. Bf4 d5 3. e3 c5 4. Nf3 Nc6 5. Nbd2 cxd4 6. exd4 Bf5 7. c3 Rc8 8. Bb5 e6 9. O-O Bd6 10. Bxd6 Qxd6 11. Re1 O-O 12. Ne5 Nd7 13. Bxc6 bxc6 14. Nxd7 Qxd7 15. Nb3 Qb7 16. Qd2 Rb8 17. Re2 Qb5 18. Nc5 Rfe8 19. a4 Qb6 20. Nd7 Qa6 21. Nxb8 Rxb8 22. b4 Qc4 23. a5 h6 24. Re3 Qb3 25. Rae1 Bg6 26. h4 h5 27. Rg3 Re8 28. Kh2 Kf8 29. Qf4 Qc2 30. Ree3 Kg8 31. Qg5 Kh7 32. Qf4 a6 33. Rgf3 f6 34. Qd6 Be4 35. Qxc6 Bxf3 36. Rxf3 Re7 37. Qxa6 Qe4 38. Qd3 1-0

[Event "December 12 Late 2023"]
[Site "https://www.chess.com"]
[Date "2023.12.12"]
[Round "1"]
[White "Sohal, Tanraj"]
[Black "Andreikin, Dmitry"]
[Result "0-1"]
[Board "4"]
[TimeControl "180+1"]
[WhiteFideId "2608499"]
[BlackFideId "4158814"]
[WhiteElo "2514"]
[BlackElo "3106"]
[WhiteTeam "CAN"]
[BlackTeam "FID"]
[WhiteClock "0:00:56"]
[BlackClock "0:02:48"]

1. d4 g6 2. c4 Bg7 3. Nf3 Nf6 4. e3 O-O 5. Be2 d6 6. O-O Nbd7 7. b3 e5 8. Bb2 e4 9. Nfd2 Re8 10. Nc3 Nf8 11. d5 h5 12. Qc2 Bf5 13. Rad1 N8h7 14. b4 Ng5 15. Nb3 Ng4 16. Nd4 Bxd4 17. Rxd4 Nf3+ 18. gxf3 exf3 19. Qxf5 gxf5 20. Bxf3 Kh7 21. h3 Ne5 22. Bg2 Rg8 23. Kh2 Rxg2+ 24. Kxg2 Qg5+ 25. Kh1 Rg8 0-1

[Event "December 12 Late 2023"]
[Site "https://www.chess.com"]
[Date "2023.12.12"]
[Round "1"]
[White "Erigaisi Arjun"]
[Black "Petukhov, Dmitry"]
[Result "1-0"]
[Board "5"]
[TimeControl "180+1"]
[WhiteFideId "35009192"]
[BlackFideId "4142748"]
[WhiteElo "3098"]
[BlackElo "2512"]
[WhiteTeam "IND"]
[BlackTeam "RUS"]
[WhiteClock "0:02:11"]
[BlackClock "0:00:31"]

1. Nf3 Nf6 2. c4 g6 3. g3 Bg7 4. Bg2 O-O 5. O-O c6 6. b3 d5 7. Bb2 Bf5 8. d3 Na6 9. Nbd2 Nc5 10. b4 Ncd7 11. a4 a5 12. b5 Re8 13. bxc6 bxc6 14. Nd4 Qb6 15. Rb1 Qa6 16. Qc2 Rac8 17. Rfc1 Nc5 18. Nxf5 gxf5 19. Nf3 e6 20. Bd4 Nfd7 21. Bxg7 Kxg7 22. Qd2 f6 23. Nd4 Qa7 24. Qe3 Nf8 25. h4 Qe7 26. cxd5 cxd5 27. Bxd5 Nxa4 28. Rxc8 Rxc8 29. Nxf5+ 1-0

[Event "December 12 Late 2023"]
[Site "https://www.chess.com"]
[Date "2023.12.12"]
[Round "1"]
[White "Krzywda, Andrzej"]
[Black "Duda, Jan-Krzysztof"]
[Result "0-1"]
[Board "6"]
[TimeControl "180+1"]
[WhiteFideId "1114565"]
[BlackFideId "1170546"]
[WhiteElo "2511"]
[BlackElo "3060"]
[WhiteTeam "POL"]
[BlackTeam "POL"]
[WhiteClock "0:00:09"]
[BlackClock "0:01:21"]

1. e4 c5 2. Nf3 Nc6 3. d4 cxd4 4. Nxd4 e5 5. Nb5 a6 6. Nd6+ Bxd6 7. Qxd6 Qe7 8. Qd1 Nf6 9. Nc3 d6 10. Bg5 Be6 11. Nd5 Bxd5 12. exd5 Nb8 13. c4 O-O 14. Be2 Nbd7 15. O-O a5 16. b3 h6 17. Be3 Ne4 18. Bd3 Nec5 19. Bc2 f5 20. f3 Rae8 21. a3 f4 22. Bd2 e4 23. fxe4 Nxe4 24. Bxf4 Nc3 25. Qd3 Ne2+ 26. Kh1 Rxf4 27. Qh7+ Kf8 28. Bg6 Nf6 29. Qh8+ Ng8 30. Rxf4+ Nxf4 31. Rf1 Qe1 32. Kg1 Qe3+ 33. Kh1 Qd2 34. Rg1 Re1 35. Bh7 Qxg2# 0-1

[Event "December 12 Late 2023"]
[Site "https://www.chess.com"]
[Date "2023.12.12"]
[Round "1"]
[White "Fedoseev, Vladimir"]
[Black "Chylewski, Patryk"]
[Result "1-0"]
[Board "7"]
[TimeControl "180+1"]
[WhiteFideId "24130737"]
[BlackFideId "1186191"]
[WhiteElo "3058"]
[BlackElo "2511"]
[WhiteTeam "SLO"]
[BlackTeam "POL"]
[WhiteClock "0:00:43"]
[BlackClock "0:00:01"]

1. e4 c6 2. Nf3 d5 3. exd5 cxd5 4. Ne5 Nf6 5. d4 g6 6. Bb5+ Nbd7 7. O-O Bg7 8. Nc3 O-O 9. Re1 a6 10. Ba4 Nb6 11. Bb3 Bf5 12. a4 Rc8 13. a5 Nc4 14. Nxd5 Qxd5 15. Ra4 Nxe5 16. Bxd5 Bxc2 17. Qd2 Bxa4 18. dxe5 Nxd5 19. Qxd5 Bc6 20. Qb3 Rfd8 21. h4 Rd5 22. e6 f5 23. Qa3 Bf6 24. Bg5 Bxg5 25. hxg5 Rd6 26. Qc3 Rcd8 27. f3 Rd2 28. Qb4 R8d6 29. Rc1 R2d5 30. Re1 Rb5 31. Qc3 Rbd5 32. b4 Rd3 33. Qc5 R3d5 34. Qa7 Kg7 35. Qb8 Rd8 36. Qc7 Kf8 37. Kh2 Rd3 38. Kg3 R3d4 39. Rh1 h5 40. gxh6 R4d6 41. h7 1-0

[Event "December 12 Late 2023"]
[Site "https://www.chess.com"]
[Date "2023.12.12"]
[Round "1"]
[White "Jimenez Almeida, Luis David"]
[Black "Martinez Alcantara, Jose Eduardo"]
[Result "0-1"]
[Board "8"]
[TimeControl "180+1"]
[WhiteFideId "22242244"]
[BlackFideId "3805662"]
[WhiteElo "2510"]
[BlackElo "3057"]
[WhiteTeam "ESP"]
[BlackTeam "PER"]
[WhiteClock "0:00:11"]
[BlackClock "0:00:56"]

1. e4 c5 2. Nc3 d6 3. Nge2 a6 4. d4 cxd4 5. Nxd4 e6 6. g3 Bd7 7. Bg2 Nc6 8. Be3 Nf6 9. h3 Be7 10. Qd2 Rc8 11. O-O O-O 12. Nb3 Ne5 13. Qe2 Nc4 14. Bc1 b5 15. Nd1 Qc7 16. c3 Bc6 17. Nd4 Bd7 18. b3 Na5 19. Bb2 Rfe8 20. Ne3 Nb7 21. Rac1 Nc5 22. c4 b4 23. Ng4 Nxg4 24. hxg4 Bf8 25. Rfd1 Qb6 26. e5 dxe5 27. Qxe5 f6 28. Qe2 Rcd8 29. g5 e5 30. Bd5+ Kh8 31. Nf3 Bg4 32. gxf6 Qxf6 33. Qe3 Rxd5 34. Rxd5 Qxf3 35. Bxe5 Qxe3 36. fxe3 Bf3 37. Bd4 Bxd5 38. cxd5 Ne4 39. Rc6 a5 40. Kg2 Kg8 41. Rc7 Nd6 42. Ra7 Nb5 43. Rxa5 Nxd4 44. exd4 Re4 45. Kf3 Rxd4 46. Ke3 Rd1 47. Ke4 h5 48. d6 Bxd6 49. Rxh5 Bxg3 50. Kf5 Bd6 51. Ke6 Bf8 52. Rb5 Rd6+ 53. Kf5 Ra6 54. Rb8 Rxa2 55. Ke6 Ra6+ 56. Kf5 Ra3 57. Kg6 Rxb3 58. Rb5 Rg3+ 59. Kh5 Rc3 60. Rb8 Rc6 61. Rb7 Rf6 62. Kg5 Kh7 63. Kh5 Bc5 64. Rb5 Be7 65. Rb7 Re6 66. Kg4 Kg6 67. Kf4 Bd6+ 68. Kg4 Kf6 69. Rb5 Re4+ 70. Kh5 g6+ 71. Kh6 Rh4+ 72. Rh5 Rxh5# 0-1

[Event "December 12 Late 2023"]
[Site "https://www.chess.com"]
[Date "2023.12.12"]
[Round "1"]
[White "Lazavik, Denis"]
[Black "Dubnevych, Maksym"]
[Result "1-0"]
[Board "9"]
[TimeControl "180+1"]
[WhiteFideId "13515110"]
[BlackFideId "14184001"]
[WhiteElo "3052"]
[BlackElo "2509"]
[WhiteTeam "BLR"]
[BlackTeam "UKR"]
[WhiteClock "0:01:35"]
[BlackClock "0:00:35"]

1. d4 d5 2. c4 e6 3. Nc3 c5 4. e3 Nf6 5. Nf3 Nc6 6. cxd5 Nxd5 7. Bd3 cxd4 8. exd4 Bd6 9. O-O Nf4 10. Bc2 O-O 11. Re1 a6 12. g3 Ng6 13. h4 Nge7 14. Bxh7+ Kh8 15. Bb1 Nf5 16. Ng5 Ncxd4 17. Be3 Be5 18. Bxd4 Qxd4 19. Bxf5 Qxd1 20. Nxd1 Bc3 21. Nxc3 1-0

[Event "December 12 Late 2023"]
[Site "https://www.chess.com"]
[Date "2023.12.12"]
[Round "1"]
[White "Mordechai, Hanan"]
[Black "Pranav, V"]
[Result "0-1"]
[Board "10"]
[TimeControl "180+1"]
[WhiteFideId "2804166"]
[BlackFideId "25060783"]
[WhiteElo "2508"]
[BlackElo "3052"]
[WhiteTeam "ISR"]
[BlackTeam "IND"]
[WhiteClock "0:00:20"]
[BlackClock "0:01:13"]

1. e4 e5 2. Nf3 Nc6 3. Bc4 Nf6 4. d4 exd4 5. e5 d5 6. Bb5 Ne4 7. Nxd4 Bd7 8. Bxc6 bxc6 9. O-O Bc5 10. Be3 Bb6 11. f3 Ng5 12. f4 Ne4 13. c3 O-O 14. f5 Re8 15. f6 Nxf6 16. exf6 Rxe3 17. fxg7 Qg5 18. Nd2 Rae8 19. N2f3 Qxg7 20. Kh1 c5 21. Nc2 Re2 22. Rg1 Bf5 23. Nce1 c6 24. Nh4 Bg4 25. Nef3 c4 26. Rf1 Rxb2 27. Qc1 Ree2 28. Qf4 Bd8 29. Nf5 Bxf5 30. Qxf5 Qxg2# 0-1

[Event "December 12 Late 2023"]
[Site "https://www.chess.com"]
[Date "2023.12.12"]
[Round "1"]
[White "Xiong, Jeffery"]
[Black "Aadit Bhatia"]
[Result "1/2-1/2"]
[Board "11"]
[TimeControl "180+1"]
[WhiteFideId "2047640"]
[BlackFideId "25088955"]
[WhiteElo "3047"]
[BlackElo "2505"]
[WhiteTeam "USA"]
[BlackTeam "IND"]
[WhiteClock "0:00:09"]
[BlackClock "0:00:20"]

1. Nf3 Nf6 2. c4 g6 3. Nc3 Bg7 4. g3 d6 5. Bg2 O-O 6. O-O c5 7. d4 Nc6 8. d5 Na5 9. Nd2 a6 10. a3 b5 11. cxb5 axb5 12. Nxb5 Ba6 13. Nc3 Nd7 14. Qc2 Qb6 15. Rb1 Nc4 16. b3 Nxd2 17. Bxd2 Qc7 18. Rfc1 h5 19. h4 Ne5 20. Bg5 Rfb8 21. Ne4 Qd7 22. b4 cxb4 23. axb4 Bb5 24. Nc3 Bc4 25. Qe4 Ba6 26. b5 Bc8 27. Be3 Qd8 28. Bd4 Bf5 29. Qf4 Bxb1 30. Rxb1 Qd7 31. Qe4 Rb7 32. b6 Rc8 33. Nb5 Rc4 34. Na7 Ng4 35. e3 Bxd4 36. exd4 Rxb6 37. Rxb6 Qxa7 38. Qb1 Rc1+ 39. Qxc1 Qxb6 40. Qf4 Qb2 41. Bh3 Qb1+ 42. Kg2 Nf6 43. Kh2 Qe4 44. Qxe4 Nxe4 45. Kg1 Nc3 46. Kf1 Nxd5 47. Ke2 Nf6 48. Ke3 Ng4+ 49. Ke2 Nf6 50. f3 Kf8 51. Ke3 Ke8 52. g4 hxg4 53. fxg4 Nd7 54. Kf4 Nf6 55. Bg2 Kf8 56. Bf3 Kg7 57. Ke3 Ng8 58. Kf4 f6 59. d5 Nh6 60. g5 Nf7 61. Bg4 Ne5 62. Be6 fxg5+ 63. hxg5 Nf7 64. Kg4 Ne5+ 65. Kf4 Nd3+ 66. Ke3 Nc5 67. Bg4 Kf7 68. Kd4 e5+ 69. dxe6+ Nxe6+ 70. Kd5 Nxg5 71. Kxd6 Kf6 72. Kd5 Nf7 73. Ke4 Nd6+ 74. Kf3 g5 75. Bd7 Ke5 76. Kg4 Nf7 77. Be8 Nd6 78. Kxg5 1/2-1/2

[Event "December 12 Late 2023"]
[Site "https://www.chess.com"]
[Date "2023.12.12"]
[Round "1"]
[White "Ismayil, Malak"]
[Black "Sarana, Alexey"]
[Result "0-1"]
[Board "12"]
[TimeControl "180+1"]
[WhiteFideId "13412604"]
[BlackFideId "24133795"]
[WhiteElo "2505"]
[BlackElo "3040"]
[WhiteTeam "AZE"]
[BlackTeam "SRB"]
[WhiteClock "0:00:00"]
[BlackClock "0:00:04"]

1. e4 c5 2. Nf3 d6 3. Bb5+ Bd7 4. Bxd7+ Nxd7 5. O-O e6 6. d4 cxd4 7. Qxd4 Ngf6 8. c4 Qb6 9. Qxb6 Nxb6 10. Nbd2 g6 11. b3 Bg7 12. Ba3 Rd8 13. Rad1 a6 14. Rfe1 Ng4 15. Nf1 Nc8 16. h3 Ne5 17. Nxe5 Bxe5 18. g3 g5 19. Ne3 h5 20. Rd3 Kd7 21. c5 Kc7 22. Nc4 Bg7 23. cxd6+ Kd7 24. Rc1 e5 25. Ne3 Ke6 26. Rc7 Rd7 27. Nf5 Bf6 28. Rdc3 Nb6 29. Rxd7 Nxd7 30. Rc7 b5 31. Ne3 Rb8 32. Nd5 Bd8 33. Ra7 a5 34. Nc7+ Kf6 35. Bb2 g4 36. hxg4 hxg4 37. Rxa5 b4 38. Rb5 Rc8 39. Rxb4 Kg6 40. Rc4 Rb8 41. Bc3 Rb6 42. Bb4 Rb7 43. Nd5 Rb8 44. Ne7+ Kf6 45. Nc6 Ra8 46. Bc3 Bb6 47. a4 Ke6 48. a5 Bc5 49. b4 Bxd6 50. b5 Bc5 51. Bb4 Bxb4 52. Rxb4 Kd6 53. Rc4 Nc5 54. Kg2 f6 55. Rc3 Nxe4 56. Rd3+ Kc5 57. Rd7 Kxb5 58. Ne7 Kxa5 59. Nf5 Kb6 60. Ne3 Ra2 61. Nxg4 Kc6 62. Rf7 Kd6 0-1

[Event "December 12 Late 2023"]
[Site "https://www.chess.com"]
[Date "2023.12.12"]
[Round "1"]
[White "Bluebaum, Matthias"]
[Black "Senft, Sean"]
[Result "1-0"]
[Board "13"]
[TimeControl "180+1"]
[WhiteFideId "24651516"]
[BlackFideId "2044960"]
[WhiteElo "3032"]
[BlackElo "2503"]
[WhiteTeam "GER"]
[BlackTeam "USA"]
[WhiteClock "0:01:55"]
[BlackClock "0:01:14"]

1. d4 d5 2. c4 c6 3. Nf3 Nf6 4. Nc3 a6 5. Qc2 g6 6. cxd5 cxd5 7. Bg5 Bg7 8. Bxf6 Bxf6 9. Nxd5 Nc6 10. Nxf6+ exf6 11. e3 Bf5 12. Qd2 O-O 13. Be2 Rc8 14. O-O Be4 15. Rac1 f5 16. Rfd1 Re8 17. h3 Qd5 18. b3 Rcd8 19. Bc4 Qd6 20. Ng5 Bd5 21. Bxd5 Qxd5 22. Nf3 Re7 23. Qc3 Rde8 24. Qc4 Qd6 25. d5 Ne5 26. Nxe5 Rxe5 27. Qc7 Rd8 28. Qxb7 Rxd5 29. Rxd5 Qxd5 30. Qxa6 Ra8 31. Rc8+ Rxc8 32. Qxc8+ Kg7 33. Qc3+ Kh6 34. Qd4 Qa5 35. a4 Qe1+ 36. Kh2 g5 37. Qf6+ Kh5 38. Qxf7+ Kh6 39. Qf6+ Kh5 40. Qxf5 1-0

[Event "December 12 Late 2023"]
[Site "https://www.chess.com"]
[Date "2023.12.12"]
[Round "1"]
[White "Grutter, Tim"]
[Black "Paravyan, David"]
[Result "0-1"]
[Board "14"]
[TimeControl "180+1"]
[WhiteFideId "1057472"]
[BlackFideId "4194985"]
[WhiteElo "2503"]
[BlackElo "3030"]
[WhiteTeam "NED"]
[BlackTeam "FID"]
[WhiteClock "0:00:01"]
[BlackClock "0:01:20"]

1. Nf3 d5 2. g3 c5 3. Bg2 Nf6 4. O-O g6 5. d3 Bg7 6. Nc3 O-O 7. e4 Nc6 8. h3 d4 9. Nb1 e5 10. a4 Ne8 11. Na3 Nd6 12. Nd2 Kh8 13. f4 f5 14. exf5 Bxf5 15. Ndc4 Nxc4 16. Nxc4 Qd7 17. Nxe5 Nxe5 18. fxe5 Bxh3 19. Bf4 Bxg2 20. Kxg2 Rf5 21. Qf3 g5 22. e6 Qxe6 23. Qxb7 Raf8 24. Rae1 Qf6 25. Re4 gxf4 26. Rexf4 Rxf4 27. Rxf4 Qb6 28. Rxf8+ Bxf8 29. Qf7 Qc6+ 30. Kg1 Qd6 31. Qxa7 Qxg3+ 32. Kf1 Qf3+ 33. Ke1 h5 34. Qb6 h4 35. Qe6 Qe3+ 36. Qxe3 dxe3 0-1

[Event "December 12 Late 2023"]
[Site "https://www.chess.com"]
[Date "2023.12.12"]
[Round "1"]
[White "Yoo, Christopher Woojin"]
[Black "Hnydiuk, Aleksander"]
[Result "1-0"]
[Board "15"]
[TimeControl "180+1"]
[WhiteFideId "30909694"]
[BlackFideId "1109057"]
[WhiteElo "3007"]
[BlackElo "2501"]
[WhiteTeam "USA"]
[BlackTeam "POL"]
[WhiteClock "0:00:24"]
[BlackClock "0:00:00"]

1. c4 e5 2. g3 f5 3. Bg2 Nf6 4. Nc3 Bb4 5. Qb3 Qe7 6. a3 Bxc3 7. Qxc3 O-O 8. b4 a5 9. b5 c6 10. a4 cxb5 11. axb5 d6 12. Nf3 Nbd7 13. Rxa5 Rxa5 14. Qxa5 Nc5 15. O-O Be6 16. d3 f4 17. Ba3 Nfd7 18. Qc7 Re8 19. Nd2 Bg4 20. Re1 g5 21. Ne4 Nxe4 22. Bxe4 Nc5 23. Qxe7 Rxe7 24. Bxc5 dxc5 25. f3 Be6 26. Ra1 1-0

[Event "December 12 Late 2023"]
[Site "https://www.chess.com"]
[Date "2023.12.12"]
[Round "1"]
[White "Wartiovaara, Oliver"]
[Black "Drygalov, Andrey"]
[Result "0-1"]
[Board "16"]
[TimeControl "180+1"]
[WhiteFideId "513024"]
[BlackFideId "24171735"]
[WhiteElo "2500"]
[BlackElo "3003"]
[WhiteTeam "FIN"]
[BlackTeam "RUS"]
[WhiteClock "0:00:16"]
[BlackClock "0:01:31"]

1. d4 Nf6 2. Nf3 d5 3. e3 c5 4. dxc5 e6 5. b4 a5 6. c3 Bd7 7. a4 axb4 8. cxb4 b6 9. Bb2 bxc5 10. b5 Bd6 11. Nbd2 O-O 12. Be2 Qe7 13. O-O c4 14. Ne5 Rc8 15. Bc3 Bb4 16. Bxb4 Qxb4 17. Qc2 Be8 18. Rfb1 Qd6 19. Ndf3 Nfd7 20. Nxd7 Nxd7 21. a5 Nc5 22. b6 Rcb8 23. Nd4 g6 24. Nb5 Bxb5 25. Rxb5 Nb3 26. Rxb3 cxb3 27. Qxb3 Rxb6 0-1

[Event "December 12 Late 2023"]
[Site "https://www.chess.com"]
[Date "2023.12.12"]
[Round "1"]
[White "Drygalov, Sergey"]
[Black "Shton, Roman"]
[Result "1-0"]
[Board "17"]
[TimeControl "180+1"]
[WhiteFideId "24171743"]
[BlackFideId "14137461"]
[WhiteElo "3002"]
[BlackElo "2500"]
[WhiteTeam "RUS"]
[BlackTeam "UKR"]
[WhiteClock "0:02:01"]
[BlackClock "0:00:50"]

1. d4 Nf6 2. c4 e6 3. Nf3 d5 4. Nc3 Bb4 5. Qa4+ Nc6 6. e3 O-O 7. Qc2 Re8 8. h3 dxc4 9. Bxc4 Bd6 10. O-O e5 11. a3 exd4 12. exd4 Ne7 13. Qb3 Rf8 14. Ng5 Qe8 15. Re1 h6 16. Nge4 Nxe4 17. Nxe4 Qd8 18. Qf3 Nf5 19. Be3 c6 20. Rad1 Bc7 21. d5 Nxe3 22. Rxe3 cxd5 23. Bxd5 Qh4 24. Ng3 Bxg3 25. fxg3 Qg5 26. Rde1 Bf5 27. Re5 Qg6 28. Rxf5 1-0

[Event "December 12 Late 2023"]
[Site "https://www.chess.com"]
[Date "2023.12.12"]
[Round "1"]
[White "Garcia Almaguer, Juan Manuel"]
[Black "Hakobyan, Aram"]
[Result "0-1"]
[Board "18"]
[TimeControl "180+1"]
[WhiteFideId "5110491"]
[BlackFideId "13306677"]
[WhiteElo "2500"]
[BlackElo "2999"]
[WhiteTeam "MEX"]
[BlackTeam "ARM"]
[WhiteClock "0:01:51"]
[BlackClock "0:01:46"]

1. e4 e5 2. Nf3 Nc6 3. Bc4 Nf6 4. Ng5 d5 5. exd5 Na5 6. Bb5+ c6 7. dxc6 bxc6 8. Bd3 h6 9. Ne4 Nd5 10. O-O Nf4 11. Re1 Be7 12. Bf1 O-O 13. d3 Ng6 14. a3 f5 15. Qh5 fxe4 16. Qxg6 Bf5 17. Qh5 exd3 18. b4 dxc2 19. Nd2 Qd4 20. Ra2 Bg4 21. Nf3 Rxf3 0-1

[Event "December 12 Late 2023"]
[Site "https://www.chess.com"]
[Date "2023.12.12"]
[Round "1"]
[White "Bortnyk, Olexandr"]
[Black "Herman, Matthew"]
[Result "1-0"]
[Board "19"]
[TimeControl "180+1"]
[WhiteFideId "14120828"]
[BlackFideId "2028964"]
[WhiteElo "2988"]
[BlackElo "2499"]
[WhiteTeam "UKR"]
[BlackTeam "USA"]
[WhiteClock "0:02:04"]
[BlackClock "0:00:11"]

1. e4 e5 2. Nf3 Nc6 3. Bb5 a6 4. Ba4 Nf6 5. Nc3 Bd6 6. d3 h6 7. Rg1 Nd4 8. g4 b5 9. Bb3 Nxb3 10. axb3 Bb7 11. g5 hxg5 12. Bxg5 Bb4 13. Nxe5 d5 14. exd5 Qxd5 15. Qe2 O-O-O 16. O-O-O Bxc3 17. bxc3 Rde8 18. Bxf6 gxf6 19. Qg4+ Kd8 20. d4 Rxh2 21. Qf4 Rh7 22. Qxf6+ Kc8 23. Qf5+ 1-0

[Event "December 12 Late 2023"]
[Site "https://www.chess.com"]
[Date "2023.12.12"]
[Round "1"]
[White "Kraiouchkine, Nikita"]
[Black "Salem, A.R. Saleh"]
[Result "0-1"]
[Board "20"]
[TimeControl "180+1"]
[WhiteFideId "2607140"]
[BlackFideId "9301348"]
[WhiteElo "2498"]
[BlackElo "2984"]
[WhiteTeam "CAN"]
[BlackTeam "UAE"]
[WhiteClock "0:00:12"]
[BlackClock "0:00:55"]

1. e4 c5 2. Nf3 d6 3. d4 cxd4 4. Nxd4 Nf6 5. Nc3 a6 6. Bc4 e6 7. O-O b5 8. Bb3 Be7 9. f4 Nbd7 10. f5 e5 11. Nde2 Bb7 12. Ng3 h5 13. Bg5 h4 14. Nge2 b4 15. Bxf6 Nxf6 16. Nd5 Nxe4 17. a3 h3 18. axb4 hxg2 19. Kxg2 Bh4 20. Qd3 Qg5+ 21. Ng3 Qd2+ 22. Kg1 Bxg3 23. Qxd2 Nxd2 24. hxg3 Nxb3 25. Nc7+ Kd7 26. Nxa8 Nxa1 27. Nb6+ Kc7 28. Na4 Nxc2 0-1

[Event "December 12 Late 2023"]
[Site "https://www.chess.com"]
[Date "2023.12.12"]
[Round "1"]
[White "Svane, Frederik"]
[Black "Kovalevsky, Stanislav"]
[Result "1-0"]
[Board "21"]
[TimeControl "180+1"]
[WhiteFideId "12923044"]
[BlackFideId "13508598"]
[WhiteElo "2980"]
[BlackElo "2487"]
[WhiteTeam "GER"]
[BlackTeam "FID"]
[WhiteClock "0:01:02"]
[BlackClock "0:00:10"]

1. c4 c6 2. e4 d5 3. exd5 cxd5 4. cxd5 Nf6 5. Nc3 Nxd5 6. Nf3 Nc6 7. Bb5 Bg4 8. Qa4 Nxc3 9. dxc3 Bxf3 10. gxf3 Qd5 11. Be2 e6 12. Qb3 Qxb3 13. axb3 Be7 14. Be3 a6 15. b4 Rd8 16. O-O O-O 17. Rfd1 Bf6 18. Bb6 Rxd1+ 19. Rxd1 Bd8 20. Bc5 Re8 21. Rd7 b6 22. Be3 a5 23. b5 Ne5 24. Rb7 a4 25. Bxb6 Bxb6 26. Rxb6 Rd8 27. Ra6 g5 28. b6 Rb8 29. Bb5 Nxf3+ 30. Kg2 Nh4+ 31. Kf1 Nf5 32. Bxa4 Kf8 33. c4 Ke7 34. c5 Nd4 35. c6 Nxc6 36. Bxc6 Kd6 37. b7 Kc7 38. b4 Rd8 39. Ra8 Rb8 40. b5 Rxb7 41. Bxb7 Kxb7 42. Rf8 1-0

[Event "December 12 Late 2023"]
[Site "https://www.chess.com"]
[Date "2023.12.12"]
[Round "1"]
[White "Rangel, Daniel"]
[Black "Smirnov, Anton"]
[Result "0-1"]
[Board "22"]
[TimeControl "180+1"]
[WhiteFideId "2124475"]
[BlackFideId "3208923"]
[WhiteElo "2485"]
[BlackElo "2973"]
[WhiteTeam "BRA"]
[BlackTeam "AUS"]
[WhiteClock "0:00:00"]
[BlackClock "0:01:00"]

1. c4 e5 2. g3 Nc6 3. Bg2 g6 4. Nc3 Bg7 5. e3 d6 6. Nge2 h5 7. h4 Bg4 8. d3 Nge7 9. Qa4 Qd7 10. Nd5 Nc8 11. Nec3 O-O 12. Qb3 Nb6 13. Bd2 Kh8 14. f4 exf4 15. gxf4 Rae8 16. Kf2 Nxd5 17. Nxd5 Nd8 18. Bc3 f6 19. e4 c6 20. Ne3 Ne6 21. Nxg4 hxg4 22. Kg3 f5 23. h5 g5 24. exf5 gxf4+ 25. Kxg4 Nc5 26. Qc2 Qxf5+ 27. Kf3 Re3+ 28. Kf2 Nxd3+ 29. Kf1 Rfe8 30. h6 Bxc3 31. Qxc3+ R8e5 32. Rd1 f3 33. Bh3 Qe4 34. Rg1 Re1+ 35. Rxe1 Qxe1+ 0-1

[Event "December 12 Late 2023"]
[Site "https://www.chess.com"]
[Date "2023.12.12"]
[Round "1"]
[White "Zhigalko, Sergei"]
[Black "Gasparyan, David"]
[Result "1-0"]
[Board "23"]
[TimeControl "180+1"]
[WhiteFideId "13502956"]
[BlackFideId "13311980"]
[WhiteElo "2971"]
[BlackElo "2484"]
[WhiteTeam "BLR"]
[BlackTeam "USA"]
[WhiteClock "0:01:17"]
[BlackClock "0:00:07"]

1. e4 c5 2. Nf3 e6 3. c3 d5 4. e5 c4 5. d4 cxd3 6. Bxd3 Nc6 7. O-O Qc7 8. Re1 Nge7 9. Bf4 Ng6 10. Bg3 Rb8 11. h4 b5 12. h5 Nge7 13. Nbd2 a5 14. Qe2 Qb6 15. Nb3 Bd7 16. Rad1 b4 17. c4 a4 18. Nbd2 Rd8 19. Bh4 Nd4 20. Nxd4 Qxd4 21. Nf3 Qb6 22. cxd5 exd5 23. Rc1 Rb8 24. e6 Bxe6 25. Ne5 f6 26. Nc6 Nxc6 27. Qxe6+ Ne7 28. Bb5+ Qxb5 29. Rc7 g5 30. Rxe7+ Kd8 31. Qd6+ 1-0

[Event "December 12 Late 2023"]
[Site "https://www.chess.com"]
[Date "2023.12.12"]
[Round "1"]
[White "Bellissimo, Joseph F."]
[Black "Khismatullin, Denis"]
[Result "0-1"]
[Board "24"]
[TimeControl "180+1"]
[WhiteFideId "2609843"]
[BlackFideId "4142578"]
[WhiteElo "2483"]
[BlackElo "2961"]
[WhiteTeam "CAN"]
[BlackTeam "RUS"]
[WhiteClock "0:00:05"]
[BlackClock "0:00:32"]

1. e4 c5 2. Nf3 d6 3. d4 cxd4 4. Qxd4 Nc6 5. Bb5 Bd7 6. Bxc6 Bxc6 7. Nc3 Nf6 8. Bg5 e6 9. O-O-O Be7 10. Kb1 O-O 11. Rhe1 Re8 12. Qd2 h6 13. Bf4 e5 14. Bxh6 gxh6 15. Qxh6 Bf8 16. Qg5+ Bg7 17. Nh4 Nd5 18. Qg3 Nxc3+ 19. bxc3 Re6 20. Re3 Rh6 21. Nf5 Rg6 22. Qh3 Bd7 23. Rg3 Bxf5 24. exf5 Rxg3 25. hxg3 e4 26. g4 Qb6+ 27. Kc1 Qxf2 28. g5 Qf4+ 29. Kb2 Qxg5 30. Rxd6 Re8 31. f6 Bxf6 32. Qd7 Rd8 33. Qc7 Qb5+ 34. Kc1 Bg5+ 35. Kd1 Qb1+ 36. Ke2 Qxc2+ 37. Kf1 Qc1+ 38. Kf2 Qf4+ 39. Kg1 Qxd6 0-1